ITL
BLUEVILLE 83'S @ LOUISVILLE BATS
07/26/2028
 
TOP OF THE 1ST
Blueville 83's batting - Pitching for Louisville Bats : RHP Tony Henderson
Pitching: RHP Tony Henderson
Batting: LHB Javier Espinoza 0-0: Ball
1-0: Foul Ball, location: 2F
1-1: Ground out 1-3 (Groundball, P)
Batting: LHB Roberto Trujillo 0-0: Ball
1-0: Ball
2-0: Called Strike
2-1: Ball
3-1: Base on Balls
Batting: SHB Caden Keith 0-0: Ball
1-0: Ball
2-0: Ball
3-0: Foul Ball, location: 2F
3-1: Called Strike
3-2: Foul Ball, location: 2F
3-2: Base on Balls
Roberto Trujillo to second
Batting: RHB Matt Perkins 0-0: Called Strike
0-1: Ball
Wild Pitch!
Roberto Trujillo to third
Caden Keith to second
1-1: Foul Ball, location: 2F
1-2: Strikes out swinging
Batting: LHB Ricardo Romero 0-0: Ball
1-0: Ball
2-0: Swinging Strike
2-1: Called Strike
2-2: Ball
3-2: Strikes out swinging, 2-3 out at first.
Top of the 1st over - 0 run(s), 0 hit(s), 0 error(s), 2 left on base; Blueville 0 - Louisville 0
BOTTOM OF THE 1ST
Louisville Bats batting - Pitching for Blueville 83's : RHP Gary Grimes
Pitching: RHP Gary Grimes
Batting: LHB Ramón Morales 0-0: Foul Ball, location: 2F
0-1: SINGLE (Line Drive, 8LS)
Batting: RHB Dick Slagboom 0-0: Called Strike
0-1: Ball
1-1: Called Strike
1-2: Fly out, F6 (Popup, 56D)
Batting: LHB Mike Callahan 0-0: Ball
Ramón Morales steals 2nd base
1-0: Swinging Strike
1-1: Ball
2-1: Foul Ball, location: 2F
2-2: DOUBLE (Line Drive, 8RXD)
Ramón Morales scores
Batting: RHB Jesús Cabrera 0-0: Called Strike
0-1: Foul Ball, location: 2F
0-2: Foul Ball, location: 2F
0-2: Ball
1-2: Ball
2-2: Ground out 6-3 (Groundball, 6)
Batting: LHB Alex Henderson 0-0: Ball
1-0: Called Strike
1-1: Foul Ball, location: 2F
1-2: Strikes out looking
Bottom of the 1st over - 1 run(s), 2 hit(s), 0 error(s), 1 left on base; Blueville 0 - Louisville 1
TOP OF THE 2ND
Blueville 83's batting - Pitching for Louisville Bats : RHP Tony Henderson
Batting: RHB Jimmy Simon 0-0: Called Strike
0-1: Hit by Pitch
Batting: LHB Vincente Sáenz 0-0: Ball
1-0: Ball
2-0: Ball
3-0: Called Strike
3-1: Base on Balls
Jimmy Simon to second
Batting: RHB Yoshihide Takahashi 0-0: Ball
1-0: Ball
2-0: Ball
3-0: Base on Balls
Jimmy Simon to third
Vincente Sáenz to second
Batting: LHB Ron Robinson 0-0: Ball
1-0: Foul Ball, location: 2F
1-1: Called Strike
1-2: Ball
2-2: Ball
3-2: Foul Ball, location: 2F
3-2: Base on Balls
Jimmy Simon scores
Vincente Sáenz to third
Yoshihide Takahashi to second
Batting: LHB Javier Espinoza 0-0: Foul Ball, location: 2F
0-1: Ball
1-1: Grounds into double play, 4-6-3 (Groundball, 4)
Vincente Sáenz scores
Yoshihide Takahashi to third
Batting: LHB Roberto Trujillo 0-0: Ball
1-0: Ball
2-0: Ball
3-0: Called Strike
3-1: Foul Ball, location: 2F
3-2: Base on Balls
Batting: SHB Caden Keith 0-0: Fielders Choice at 2nd, 4-6 (Groundball, 4)
Top of the 2nd over - 2 run(s), 0 hit(s), 0 error(s), 1 left on base; Blueville 2 - Louisville 1
BOTTOM OF THE 2ND
Louisville Bats batting - Pitching for Blueville 83's : RHP Gary Grimes
Batting: RHB John Denton 0-0: Swinging Strike
0-1: Called Strike
0-2: Ball
1-2: Ground out 6-3 (Groundball, 6)
Batting: RHB William Farmer 0-0: Ball
1-0: Ball
2-0: Ball
3-0: Called Strike
3-1: Fly out, F9 (Flyball, 89M)
Batting: LHB Jeff Forsyth 0-0: Ball
1-0: Called Strike
1-1: Swinging Strike
1-2: Foul Ball, location: 2F
1-2: Ball
2-2: Foul Ball, location: 2F
2-2: Strikes out swinging
Bottom of the 2nd over - 0 run(s), 0 hit(s), 0 error(s), 0 left on base; Blueville 2 - Louisville 1
TOP OF THE 3RD
Blueville 83's batting - Pitching for Louisville Bats : RHP Tony Henderson
Batting: RHB Matt Perkins 0-0: Ball
1-0: Ball
2-0: Ground out 6-3 (Groundball, 6)
Batting: LHB Ricardo Romero 0-0: Ball
1-0: Foul Ball, location: 2F
1-1: Called Strike
1-2: Foul Ball, location: 2F
1-2: Fly out, F7 (Line Drive, 7S)
Batting: RHB Jimmy Simon 0-0: Called Strike
0-1: Called Strike
0-2: Ground out 4-3 (Groundball, 4D)
Top of the 3rd over - 0 run(s), 0 hit(s), 0 error(s), 0 left on base; Blueville 2 - Louisville 1
BOTTOM OF THE 3RD
Louisville Bats batting - Pitching for Blueville 83's : RHP Gary Grimes
Batting: RHB Shawn Marshall 0-0: Ball
1-0: Swinging Strike
1-1: Swinging Strike
1-2: Ball
2-2: Ball
3-2: Fly out, F8 (Flyball, 8LS)
Batting: LHB Ramón Morales 0-0: Foul Ball, location: 2F
0-1: Ball
1-1: Swinging Strike
1-2: Strikes out swinging
Batting: RHB Dick Slagboom 0-0: Ball
1-0: Foul Ball, location: 2F
1-1: Ball
2-1: Called Strike
2-2: Foul Ball, location: 2F
2-2: Ground out 4-3 (Groundball, 4)
Bottom of the 3rd over - 0 run(s), 0 hit(s), 0 error(s), 0 left on base; Blueville 2 - Louisville 1
TOP OF THE 4TH
Blueville 83's batting - Pitching for Louisville Bats : RHP Tony Henderson
Batting: LHB Vincente Sáenz 0-0: Ball
1-0: Foul Ball, location: 2F
1-1: Ground out 6-3 (Groundball, 6)
Batting: RHB Yoshihide Takahashi 0-0: Foul Ball, location: 2F
0-1: Ground out 6-3 (Groundball, 56)
Batting: LHB Ron Robinson 0-0: Called Strike
0-1: Called Strike
0-2: Ball
1-2: Foul Ball, location: 2F
1-2: Ball
2-2: Fly out, F7 (Line Drive, 78M)
Top of the 4th over - 0 run(s), 0 hit(s), 0 error(s), 0 left on base; Blueville 2 - Louisville 1
BOTTOM OF THE 4TH
Louisville Bats batting - Pitching for Blueville 83's : RHP Gary Grimes
Batting: LHB Mike Callahan 0-0: Ball
1-0: Ball
2-0: Ball
3-0: Called Strike
3-1: Base on Balls
Batting: RHB Jesús Cabrera 0-0: SINGLE (Groundball, 56D)
Mike Callahan to second
Batting: LHB Alex Henderson 0-0: Ball
1-0: Grounds out, U3 (Groundball, 3L)
Mike Callahan to third
Batting: RHB John Denton 0-0: Fly out, F7 (Flyball, 7D)
Runner from 3rd tags up, SCORES, no throw
Jesús Cabrera to third
Batting: RHB William Farmer 0-0: Swinging Strike
0-1: Ball
1-1: Ball
2-1: Ball
3-1: Foul Ball, location: 2F
3-2: Strikes out looking
Bottom of the 4th over - 1 run(s), 1 hit(s), 0 error(s), 1 left on base; Blueville 2 - Louisville 2
TOP OF THE 5TH
Blueville 83's batting - Pitching for Louisville Bats : RHP Tony Henderson
Batting: LHB Javier Espinoza 0-0: Ball
1-0: Foul Ball, location: 2F
1-1: Swinging Strike
1-2: DOUBLE (Flyball, 78D)
Batting: LHB Roberto Trujillo 0-0: Foul Ball, location: 2F
0-1: Called Strike
0-2: Foul Ball, location: 2F
0-2: Ball
1-2: SINGLE (Flyball, 8LS)
Javier Espinoza to third
Batting: SHB Caden Keith 0-0: Ball
1-0: Fly out, F7 (Flyball, 7S)
Batting: RHB Matt Perkins 0-0: Ball
1-0: Ball
2-0: Ball
3-0: Base on Balls
Roberto Trujillo to second
Pitching: LHP Dave Carbone
Batting: LHB Ricardo Romero 0-0: Foul Ball, location: 2F
0-1: Fly out, F8 (Flyball, 8RS)
Runner from 3rd tags up, SCORES, no throw
Batting: RHB Jimmy Simon 0-0: Ball
1-0: Ball
2-0: Fly out, F2 (Popup, 5S)
Top of the 5th over - 1 run(s), 2 hit(s), 0 error(s), 2 left on base; Blueville 3 - Louisville 2
BOTTOM OF THE 5TH
Louisville Bats batting - Pitching for Blueville 83's : RHP Gary Grimes
Batting: LHB Jeff Forsyth 0-0: Ball
1-0: Ball
2-0: Ball
3-0: Base on Balls
Batting: RHB Shawn Marshall 0-0: Foul Ball, location: 2F
0-1: Fly out, F4 (Line Drive, 4M)
Batting: LHB Ramón Morales 0-0: Fly out, F9 (Flyball, 9)
Batting: RHB Dick Slagboom 0-0: Ball
1-0: Swinging Strike
1-1: Ball
2-1: Foul Ball, location: 2F
2-2: Foul Ball, location: 2F
2-2: Foul Ball, location: 2F
2-2: Ball
3-2: Ground out 6-3 (Groundball, 6)
Bottom of the 5th over - 0 run(s), 0 hit(s), 0 error(s), 1 left on base; Blueville 3 - Louisville 2
TOP OF THE 6TH
Blueville 83's batting - Pitching for Louisville Bats : LHP Dave Carbone
Batting: LHB Vincente Sáenz 0-0: Ball
1-0: Ball
2-0: Called Strike
2-1: Ball
3-1: Fly out, F8 (Flyball, 8RM)
Batting: RHB Yoshihide Takahashi 0-0: Called Strike
0-1: Ball
1-1: Foul Ball, location: 2F
1-2: Ball
2-2: Foul Ball, location: 2F
2-2: Fly out, F7 (Line Drive, 7S)
Batting: LHB Ron Robinson 0-0: Ball
1-0: Ball
2-0: Swinging Strike
2-1: SINGLE (Groundball, 4M) (infield hit)
Batting: LHB Javier Espinoza 0-0: Called Strike
0-1: Ball
1-1: Called Strike
1-2: Strikes out swinging
Top of the 6th over - 0 run(s), 1 hit(s), 0 error(s), 1 left on base; Blueville 3 - Louisville 2
BOTTOM OF THE 6TH
Louisville Bats batting - Pitching for Blueville 83's : RHP Gary Grimes
Batting: LHB Mike Callahan 0-0: Called Strike
0-1: Foul Ball, location: 2F
0-2: Ball
1-2: Ball
2-2: Ball
3-2: Ground out 4-3 (Groundball, 34)
Batting: RHB Jesús Cabrera 0-0: Ball
1-0: Foul Ball, location: 2F
1-1: Foul Ball, location: 2F
1-2: Ball
2-2: Strikes out swinging
Batting: LHB Alex Henderson 0-0: Called Strike
0-1: Foul Ball, location: 2F
0-2: Ball
1-2: Fly out, F4 (Popup, 4D)
Bottom of the 6th over - 0 run(s), 0 hit(s), 0 error(s), 0 left on base; Blueville 3 - Louisville 2
TOP OF THE 7TH
Blueville 83's batting - Pitching for Louisville Bats : LHP Dave Carbone
Batting: LHB Roberto Trujillo 0-0: Ball
1-0: Foul Ball, location: 2F
1-1: Foul Ball, location: 2F
1-2: Fly out, F8 (Flyball, 8LS)
Batting: SHB Caden Keith 0-0: Foul Ball, location: 2F
0-1: Ball
1-1: Ball
2-1: Ground out U3 (Groundball, 3L)
Batting: RHB Matt Perkins 0-0: Foul Ball, location: 2F
0-1: Swinging Strike
0-2: Strikes out swinging
Top of the 7th over - 0 run(s), 0 hit(s), 0 error(s), 0 left on base; Blueville 3 - Louisville 2
BOTTOM OF THE 7TH
Louisville Bats batting - Pitching for Blueville 83's : RHP Gary Grimes
Batting: RHB John Denton 0-0: Ball
1-0: Ball
2-0: Ball
3-0: Base on Balls
Pitching: RHP José Ruíz
Batting: RHB William Farmer 0-0: Called Strike
0-1: Ball
1-1: Bunted foul
1-2: Fly out, F9 (Line Drive, 9)
Batting: LHB Jeff Forsyth Balk!
John Denton to second
0-0: Called Strike
0-1: Ball
1-1: Ball
2-1: Foul Ball, location: 2F
2-2: Foul Ball, location: 2F
2-2: Ball
3-2: SINGLE (Line Drive, 56D)
John Denton to third
Batting: RHB Shawn Marshall 0-0: Ball
1-0: Called Strike
1-1: Fielders Choice at 2nd, 4-6 (Groundball, 4)
John Denton scores
Batting: LHB Ramón Morales 0-0: SINGLE (Line Drive, 56D)
Shawn Marshall to second
Batting: RHB Dick Slagboom 0-0: Ball
1-0: Called Strike
1-1: Swinging Strike
1-2: Foul Ball, location: 2F
1-2: Foul Ball, location: 2F
1-2: Ball
2-2: Ball
3-2: Foul Ball, location: 2F
3-2: Base on Balls
Shawn Marshall to third
Ramón Morales to second
Batting: LHB Mike Callahan 0-0: Ball
1-0: Ball
2-0: Ball
3-0: Base on Balls
Shawn Marshall scores
Ramón Morales to third
Dick Slagboom to second
Batting: RHB Jesús Cabrera 0-0: Ball
1-0: Ball
2-0: Ball
3-0: Base on Balls
Ramón Morales scores
Dick Slagboom to third
Mike Callahan to second
Pitching: LHP António Coronado
Batting: LHB Alex Henderson 0-0: Called Strike
0-1: Ground out U3 (Groundball, 34)
Bottom of the 7th over - 3 run(s), 2 hit(s), 0 error(s), 3 left on base; Blueville 3 - Louisville 5
TOP OF THE 8TH
Blueville 83's batting - Pitching for Louisville Bats : LHP Dave Carbone
Batting: LHB Ricardo Romero 0-0: Foul Ball, location: 2F
0-1: DOUBLE (Line Drive, 89D)
Pitching: RHP Manny Canseco
Batting: RHB Jimmy Simon 0-0: Ball
1-0: Foul Ball, location: 2F
1-1: DOUBLE (Line Drive, 8LXD)
Ricardo Romero scores
Pitching: LHP Denny Welch
Pinch Hitting: RHB Fernando Díaz 0-0: Ball
1-0: Called Strike
1-1: SINGLE (Flyball, 9LS)
Jimmy Simon to third
Pitching: RHP John Thompson
Batting: RHB Yoshihide Takahashi 0-0: Foul Ball, location: 2F
0-1: Ball
1-1: Foul Ball, location: 2F
1-2: Fly out, F7 (Flyball, 7LS)
Runner from 3rd tags up, SCORES, no throw
Batting: LHB Ron Robinson 0-0: Ball
1-0: Called Strike
1-1: Foul Ball, location: 2F
1-2: SINGLE (Groundball, 4MD)
Fernando Díaz to second
Runner from 2nd tries for 3rd, SAFE, throw made to third
Batting: LHB Javier Espinoza 0-0: Ball
1-0: Called Strike
1-1: Ball
Wild Pitch!
Fernando Díaz scores
Ron Robinson to second
2-1: Ground out 6-3 (Groundball, 6)
Ron Robinson to third
Batting: LHB Roberto Trujillo 0-0: Called Strike
0-1: Called Strike
0-2: Strikes out swinging, 2-3 out at first.
Top of the 8th over - 3 run(s), 4 hit(s), 0 error(s), 1 left on base; Blueville 6 - Louisville 5
BOTTOM OF THE 8TH
Louisville Bats batting - Pitching for Blueville 83's : LHP António Coronado
Pitching: RHP Félix Rivera
Now at 1B: Fernando Díaz
Batting: RHB John Denton 0-0: Ball
1-0: Ball
2-0: Ball
3-0: Called Strike
3-1: Swinging Strike
3-2: Base on Balls
Batting: RHB William Farmer 0-0: Bunted foul
0-1: Sac Bunt - play at first, batter OUT! 3-4
John Denton to second
Pitching: LHP Gian-Andrea Nota
Batting: LHB Jeff Forsyth 0-0: Ball
1-0: Ball
2-0: SINGLE (Flyball, 78S)
John Denton to third
Runner from 3rd tries for Home, SAFE, throw made home
Batting: RHB Shawn Marshall 0-0: Called Strike
0-1: Called Strike
0-2: Ball
1-2: Ball
2-2: Ball
3-2: Strikes out swinging
Batting: LHB Ramón Morales 0-0: Ball
1-0: Swinging Strike
1-1: Ball
2-1: Called Strike
2-2: Strikes out swinging
Bottom of the 8th over - 1 run(s), 1 hit(s), 0 error(s), 1 left on base; Blueville 6 - Louisville 6
TOP OF THE 9TH
Blueville 83's batting - Pitching for Louisville Bats : RHP John Thompson
Pitching: LHP Carlos Menéndez
Batting: SHB Caden Keith 0-0: Ball
1-0: Ball
2-0: Fly out, F7 (Flyball, 7)
Batting: RHB Matt Perkins 0-0: Ball
1-0: Ball
2-0: Foul Ball, location: 2F
2-1: Swinging Strike
2-2: Foul Ball, location: 2F
2-2: Strikes out swinging
Pinch Hitting: RHB José Estrada 0-0: Ball
1-0: Ball
2-0: Foul Ball, location: 2F
2-1: Foul Ball, location: 2F
2-2: Ground out 4-3 (Groundball, 6M)
Top of the 9th over - 0 run(s), 0 hit(s), 0 error(s), 0 left on base; Blueville 6 - Louisville 6
BOTTOM OF THE 9TH
Louisville Bats batting - Pitching for Blueville 83's : LHP Gian-Andrea Nota
Now at 3B: Felipe Cruz
Batting: RHB Dick Slagboom 0-0: Called Strike
0-1: Ball
1-1: Called Strike
1-2: Foul Ball, location: 2F
1-2: Foul Ball, location: 2F
1-2: Ball
2-2: Foul Ball, location: 2F
2-2: Ball
3-2: Base on Balls
Batting: LHB Mike Callahan 0-0: Foul Ball, location: 2F
0-1: Called Strike
0-2: Foul Ball, location: 2F
0-2: Foul Ball, location: 2F
0-2: Ball
Wild Pitch!
Dick Slagboom to second
1-2: Ball
2-2: Foul Ball, location: 2F
2-2: Fly out, F8 (Flyball, 78M)
Batting: RHB Jesús Cabrera 0-0: Intentional Walk
Pinch Hitting: RHB Danny Campbell 0-0: Foul Ball, location: 2F
0-1: Ball
1-1: Swinging Strike
1-2: Foul Ball, location: 2F
1-2: Ball
2-2: Foul Ball, location: 2F
2-2: SINGLE (Line Drive, 3S)
Dick Slagboom to third
Jesús Cabrera to second
Pitching: RHP Roberto Ledesma
Batting: RHB John Denton 0-0: Foul Ball, location: 2F
0-1: Grounds into fielders choice 6-2 (Groundball, 6)
Jesús Cabrera to third
Danny Campbell to second
Batting: RHB William Farmer 0-0: Fielders Choice at 2nd, 6-4 (Groundball, 6)
Bottom of the 9th over - 0 run(s), 1 hit(s), 0 error(s), 2 left on base; Blueville 6 - Louisville 6
TOP OF THE 10TH
Blueville 83's batting - Pitching for Louisville Bats : LHP Carlos Menéndez
Now at 3B: Eric Thompson
Batting: RHB Jimmy Simon 0-0: SINGLE (Groundball, 56D)
Batting: RHB Fernando Díaz 0-0: Ball
1-0: Ball
2-0: SINGLE (Flyball, 9LS)
Jimmy Simon to second
Runner from 2nd tries for 3rd, SAFE, throw made to third
Batting: RHB Yoshihide Takahashi 0-0: Ball
1-0: Fly out, F6 (Line Drive, 6)
Batting: LHB Ron Robinson 0-0: Swinging Strike
0-1: Foul Ball, location: 2F
0-2: Fly out, F7 (Flyball, 7D)
Runner from 3rd tags up, SCORES, no throw
Pinch Hitting: RHB Jorge Rodríguez 0-0: Called Strike
0-1: Ball
1-1: Ball
2-1: Foul Ball, location: 2F
2-2: Ball
3-2: Foul Ball, location: 2F
3-2: Foul Ball, location: 2F
3-2: Foul Ball, location: 2F
3-2: Foul Ball, location: 2F
3-2: Base on Balls
Fernando Díaz to second
Pitching: RHP Manuel González
Batting: LHB Roberto Trujillo 0-0: Ball
1-0: Ball
2-0: Foul Ball, location: 2F
2-1: Swinging Strike
2-2: Fly out, F8 (Flyball, 8LD)
Top of the 10th over - 1 run(s), 2 hit(s), 0 error(s), 2 left on base; Blueville 7 - Louisville 6
BOTTOM OF THE 10TH
Louisville Bats batting - Pitching for Blueville 83's : RHP Roberto Ledesma
Pitching: RHP Drake Williams
Now at SS: Kuniaki Kawashima
Batting: LHB Jeff Forsyth 0-0: Ball
1-0: Called Strike
1-1: Ball
2-1: Swinging Strike
2-2: Strikes out swinging
Batting: RHB Shawn Marshall 0-0: Called Strike
0-1: Ball
1-1: Ball
2-1: Fly out, F8 (Flyball, 8RS)
Batting: LHB Ramón Morales 0-0: Ball
1-0: Called Strike
1-1: Ball
2-1: Swinging Strike
2-2: Strikes out looking
Bottom of the 10th over - 0 run(s), 0 hit(s), 0 error(s), 0 left on base; Blueville 7 - Louisville 6
Tuesday, August 8th, 2017 - OOTP Baseball 17.12 Build 75